 Dungeon Crawl Stone Soup version 0.32-a0-450-g080537f31e (webtiles) character file.

Game seed: 314565419746079602

30 shadowstone the Firebug (level 3, -1/26 HPs)
             Began as a Mountain Dwarf Fire Elementalist on Feb 23, 2024.
             Was a Plaything of Xom.
             Slain by a goblin
             ... wielding a +0 club
              (4 damage)
             ... on level 2 of the Dungeon.
             The game lasted 00:03:52 (1950 turns).

shadowstone the Firebug (MDFE)                      Turns: 1950, Time: 00:03:52

Health: -1/26      AC:  2    Str: 10    XL:     3   Next: 3%
Magic:  1/6        EV: 11    Int: 17    God:    Xom [..*...]
Gold:   85         SH:  0    Dex: 10    Spells: 3/6 levels left

rFire   . . .        (no weapon)
rCold   . . .        (no shield)
rNeg    . . .        a - +0 robe
rPois   .            (no helmet)
rElec   .            (no cloak)
rCorr   .            (no gloves)
SInv    .            (no boots)
Will    .....        (no amulet)
Stlth   ++           (no ring)
HPRegen 0.24/turn    (no ring)
MPRegen 0.10/turn

%: no passive effects
@: no status effects
A: runic magic, artefact enchanting
a: Renounce Religion


You were on level 2 of the Dungeon.
You worshipped Xom.
You were a toy of Xom.
You visited 1 branch of the dungeon, and saw 2 of its levels.

You collected 85 gold pieces.

Inventory:

Missiles
 c - 2 boomerangs
Armour
 a - a +0 robe (worn)
 d - a +0 pair of gloves
Scrolls
 f - a scroll of blinking {unknown}
Potions
 b - a potion of magic
 e - a potion of might {unknown}
 g - a potion of mutation {unknown}
 h - a potion of haste {unknown}
 i - a potion of curing {unknown}


   Skills:
 + Level 0.1 Fighting
 + Level 1.4 Dodging
 + Level 1.4 Stealth
 + Level 0.3 Unarmed Combat
 + Level 2.0 Spellcasting
 + Level 1.0 Conjurations
 + Level 4.6 Fire Magic


You had 3 spell levels left.
You knew the following spells:

 Your Spells              Type           Power      Damage    Failure   Level
a - Foxfire               Conj/Fire      44%        2x1d6     6%          1
b - Scorch                Fire           34%        2d6       4%          2

Your spell library contained the following spells:

 Spells                   Type           Power      Damage    Failure   Level
 Inner Flame              Hex/Fire       9%         N/A       22%         3
 Volatile Blastmotes      Fire/Tloc      18%        2d11      22%         3
 Flame Wave               Conj/Fire      11%        2d6       52%         4


Dungeon Overview and Level Annotations

Branches:
Dungeon (2/15)

Altars:
Xom


Innate Abilities, Weirdness & Mutations

Your spellcasting is much less encumbered by armour.
You can use scrolls of enchantment on lesser artefacts.


Message History

The goblin hits you with a +0 club.
The endoplasm hits you but does no damage.
The giant cockroach barely misses you. The rat closely misses you.
You hit the endoplasm but do no damage.
The endoplasm is moderately wounded.
The goblin hits you but does no damage. The endoplasm closely misses you.
The giant cockroach bites you but does no damage.
The rat barely misses you.
You hit the endoplasm.
The endoplasm is heavily wounded.
The giant cockroach bites you but does no damage.
The goblin barely misses you. The endoplasm barely misses you.
The giant cockroach completely misses you.
The rat closely misses you.
You hit the endoplasm.
The endoplasm is almost dead.
The goblin hits you with a +0 club. The endoplasm freezes you.
You are frozen.
The giant cockroach bites you but does no damage.
The rat bites you.
You hit the endoplasm.
You kill the endoplasm!
The goblin hits you with a +0 club. The giant cockroach closely misses you.
The rat closely misses you. The goblin hits you but does no damage.
The giant cockroach bites you.
A ribbon worm comes into view.
The rat attacks as it pursues you! The rat bites you but does no damage.
You closely miss the rat. The goblin hits you with a +0 club.
* * * LOW HITPOINT WARNING * * *
The giant cockroach barely misses you.
You completely miss the rat. The giant cockroach barely misses you.
The goblin barely misses you. The rat bites you.
* * * LOW HITPOINT WARNING * * *
The giant cockroach misses you.
You hit the rat.
The rat is moderately wounded.
The goblin hits you with a +0 club.
You die... "It's all fun and games until someone loses an eye."

#... .. ### #..#
... ..##[.#
#.###?#...##
#<.........#
?#.........#
........#B.#####.
.<......@r......$
>.......g..#####.
##.....<####
#....### #.##. #
#> #


You could see a giant cockroach, a goblin and a rat.

Vanquished Creatures
  A dart slug (D:1)
  5 ball pythons
  2 endoplasms
  4 giant cockroaches (D:1)
  A goblin (D:1)
  3 hobgoblins
  3 kobolds (D:1)
  A bat (D:1)
  5 rats
25 creatures vanquished.

Vanquished Creatures (others)
  14 foxfires (D:1)
14 creatures vanquished.

Grand Total: 39 creatures vanquished

Notes
Turn   | Place    | Note
-------+----------+-------------------------------------------
     0 | D:1      | shadowstone the Mountain Dwarf Fire Elementalist began the
                  | quest for the Orb.
     0 | D:1      | Reached XP level 1. HP: 14/14 MP: 3/3
     1 | D:1      | Found a faded altar of an unknown god.
    27 | D:1      | Prayed at the altar of an unknown god.
    27 | D:1      | Became a worshipper of Xom the Tricky
   248 | D:1      | XOM: silly message
   358 | D:1      | Reached skill level 4 in Fire Magic
   740 | D:1      | XOM: smoke on damage
   823 | D:1      | Reached skill level 1 in Conjurations
   823 | D:1      | Reached XP level 2. HP: 20/20 MP: 1/4
   859 | D:1      | Learned a level 2 spell: Scorch
   947 | D:1      | HP: 1/20 [goblin/+0 club (2)]
  1730 | D:1      | XOM: silly message
  1929 | D:2      | XOM: noise
  1941 | D:2      | Reached XP level 3. HP: 25/26 MP: 0/6
  1950 | D:2      | Slain by a goblin

Illustrated notes

Levels and vault maps discovered:
D:1:      eino_arrival_water_cross, layout_basic,
          ebering_ecumenical_altar_petrified
D:2:      layout_loops_ring, uniq_sigmund, uniq_robin, uniq_terence

Skill      XL: |  1  2 |
---------------+-------+-----
Fire Magic     | 4 |  4.6
Conjurations   | 1 |  1.0
Spellcasting   | 2 |  2.0
Fighting       | |  0.1
Dodging        | |  1.4
Stealth        | |  1.4
Unarmed Combat | |  0.3

Action                     || total
---------------------------++-------
  Melee: Unarmed           ||    96
         Punch             ||     1
   Cast: Foxfire           ||    14
         Scorch            ||    11
    Use: Scroll            ||     1
 Armour: Robe              ||    76
  Dodge: Dodged            ||    92

Table legend: (Time is in decaauts)
 A = Elapsed time spent in this place.
 B = Non-inter-level travel time spent in this place.
 C = Inter-level travel time spent in this place.
 D = Time resting spent in this place.
 E = Time spent auto-exploring this place.
 F = Levels seen in this place.
 G = Mean time per level.
                   A        B        C        D        E       F      G
               +--------+--------+--------+--------+--------+-----+--------+
         Total |   1950 |   1743 |    207 |    796 |    494 |   2 |  975.0 |
       Dungeon |   1950 |   1743 |    207 |    796 |    494 |   2 |  975.0 |
               +--------+--------+--------+--------+--------+-----+--------+

Top non-repeatable levels by time:
     D:1: 1929 daAuts
     D:2: 20 daAuts
